 Dungeon Crawl Stone Soup version 0.19.0-2-gae57169 (webtiles) character file.

211 Chiseanne the Charlatan (level 5, -10/36 HPs)
             Began as a High Elf Artificer on Nov 6, 2016.
             Mangled by an ogre
             ... wielding a +0 giant club
              (17 damage)
             ... on level 4 of the Dungeon.
             The game lasted 00:07:23 (3385 turns).

Chiseanne the Charlatan (High Elf Artificer)        Turns: 3385, Time: 00:07:24

Health: -10/36     AC:  9    Str: 11    XL:     5   Next: 57%
Magic:  9/9        EV: 10    Int: 16    God:
Gold:   148        SH:  0    Dex: 15    Spells: 0 memorised, 4 levels left

rFire  . . .     SeeInvis .     a - +2 dagger (speed)
rCold  . . .     Gourm    .     p - +0 scale mail
rNeg   . . .     Faith    .     (no shield)
rPois  .         Spirit   .     (no helmet)
rElec  .         Reflect  .     (no cloak)
rCorr  .         Harm     .     (no gloves)
MR     .....                    (no boots)
Stlth  ..........               (no amulet)
                                (no ring)
                                B - +3 ring of protection

@: no status effects
A: no striking features
a: no special abilities


You were on level 4 of the Dungeon.
You were not hungry.

You visited 1 branch of the dungeon, and saw 4 of its levels.

You collected 148 gold pieces.

Inventory:

Hand Weapons
 a - a +2 dagger of speed (weapon)
Missiles
 l - 86 stones (quivered)
 s - 18 poisoned needles
 u - 16 sling bullets
Armour
 p - a +0 scale mail (worn)
Jewellery
 y - an uncursed ring of wizardry
 z - an uncursed ring of ice {unknown}
 B - a +3 ring of protection (left hand)
Wands
 c - a wand of flame (15/48)
 d - a wand of enslavement (10/24)
 e - a wand of random effects (2/48)
Scrolls
 v - a scroll of fear
Potions
 b - a potion of invisibility {unknown}
 g - 2 potions of flight {unknown}
 h - 2 potions of might {unknown}
 i - 2 potions of agility {unknown}
 j - 3 potions of curing {unknown}
 m - a potion of brilliance {unknown}
 n - a potion of berserk rage {unknown}
 r - a potion of cancellation {unknown}
 w - a potion of haste {unknown}
Comestibles
 f - 4 bread rations
 k - a fruit
 o - a beef jerky
 q - 3 meat rations
 t - a slice of pizza
 x - 5 chunks of flesh


   Skills:
 * Level 3.0 Fighting
 - Level 1.2 Short Blades
 * Level 1.8 Armour
 * Level 3.7 Dodging
 - Level 1.1 Stealth
 * Level 4.1 Evocations


You had 4 spell levels left.
You didn't know any spells.

Dungeon Overview and Level Annotations

Branches:
Dungeon (4/15)
 Temple: D:4-7

Altars:
Hepliaklqana
Ru
Sif Muna

Annotations:
D:3 ilikecats's ghost, amateur HaHu


Message History

Zapping:
e - a wand of random effects (5/48)
Press: ? - help, Shift-Dir - straight line, f/p - ogre
Aim: an ogre, wielding a giant club (lightly wounded)
The ogre seems more stable.
This wand has 4 charges left.
The ogre hits you with a giant club!!
Ouch! That really hurt!
* * * LOW HITPOINT WARNING * * *
Evoke which item? (* to show all) (? for menu, Esc to quit)
Zapping:
e - a wand of random effects (4/48)
Press: ? - help, Shift-Dir - straight line, f/p - ogre
Aim: an ogre, wielding a giant club (lightly wounded)
The ogre seems to speed up.
This wand has 3 charges left.
The ogre barely misses you.
Evoke which item? (* to show all) (? for menu, Esc to quit)
Zapping:
e - a wand of random effects (3/48)
Press: ? - help, Shift-Dir - straight line, f/p - ogre
Aim: an ogre, wielding a giant club (lightly wounded, fast)
The ogre resists with significant effort.
This wand has 2 charges left.
The ogre hits you with a giant club!
You die...

##### .....######
......#.##
#.##....############
#..@O...............
####....###########.
#.#.## #. ...#.#
#####. #####.#
#..... #+# #.###.
#.# #. .. ..# #.###.
#.##..### #..###


You could see an ogre.

Vanquished Creatures
  An ogre (D:4)
  3 adders (D:2)
  An ooze (D:3)
  4 dart slugs
  A worm (D:2)
  3 leopard geckos
  5 orcs
  2 ball pythons
  4 giant cockroaches
  8 goblins
  5 hobgoblins
  6 jackals
  A quokka (D:2)
  8 bats
  5 frilled lizards
  8 kobolds
  8 rats
73 creatures vanquished.

Vanquished Creatures (collateral kills)
  A frilled lizard (D:3)
1 creature vanquished.

Vanquished Creatures (others)
  An iguana (D:4)
  A leopard gecko (D:4)
  A hobgoblin (D:3)
3 creatures vanquished.

Grand Total: 77 creatures vanquished

Notes
Turn   | Place    | Note
-------+----------+-------------------------------------------
     0 | D:1      | Chiseanne the High Elf Artificer began the quest for the Orb.
     0 | D:1      | Reached XP level 1. HP: 13/13 MP: 4/4
   434 | D:1      | Reached XP level 2. HP: 17/18 MP: 5/5
  1408 | D:2      | Reached XP level 3. HP: 13/24 MP: 6/6
  1908 | D:2      | Found a sacrificial altar of Ru.
  2069 | D:2      | Reached skill level 1 in Armour
  2085 | D:2      | Reached XP level 4. HP: 16/30 MP: 7/7
  2864 | D:3      | Found a faded altar of an unknown god.
  2864 | D:3      | Found a faded altar of an unknown god.
  2870 | D:3      | Found a faded altar of an unknown god.
  2872 | D:3      | Found a faded altar of an unknown god.
  2896 | D:3      | Found a hazy altar of Hepliaklqana.
  3077 | D:3      | Found a deep blue altar of Sif Muna.
  3110 | D:3      | Noticed ilikecats's ghost (amateur HaHu)
  3239 | D:4      | Noticed an ogre
  3244 | D:4      | Killed an ogre
  3244 | D:4      | Reached skill level 4 in Evocations
  3244 | D:4      | Reached XP level 5. HP: 35/36 MP: 7/9
  3325 | D:4      | Noticed an ogre
  3385 | D:4      | Mangled by an ogre

Skill      XL: |  1  2  3  4 |
---------------+-------------+-----
Fighting       | 2 3 |  3.0
Armour         | 1 |  1.8
Dodging        | 3 |  3.7
Evocations     | 4 |  4.1
Short Blades   | |  1.2
Stealth        | |  1.1

Action                   |  1- 3 |  4- 6 || total
-------------------------+-------+-------++-------
Melee: Short sword       |   176 |   100 ||   276
       Dagger            |       |    65 ||    65
Evoke: Wand              |       |    18 ||    18
  Use: Scroll            |     1 |     6 ||     7
 Stab: Sleeping          |     1 |       ||     1
  Eat: Chunk             |     4 |     4 ||     8
Armor: Leather armour    |    22 |       ||    22
       Scale mail        |    48 |    89 ||   137
Dodge: Dodged            |   121 |    90 ||   211
